AoeStats
← ME_DEPRIME_JUGAR_CON_USTEDES

African Clearing

505964853Analyzed
4v4 RM · 20d ago on Sep 11, 2026· 41m 52s· 8 players
Game mode
Random Map
Map size
Large (8 player)
Population
200
Speed
Normal
Resources
Standard
Victory
Conquest
Starting age
Dark Age
Ending age
Imperial Age
RankedLock teamsTeams togetherTeam positionsShared explorationLock speedFull tech treeHidden civsTurbo modeCheats
Victory
Defeat
🇨🇱 Bohemians · Chile
1678
+15
🇪🇸 Vietnamese · Spain
1621
+17
🇪🇸 Sicilians · Spain
1548
+20
🇪🇸 Persians · Spain
1532
+20
🇪🇸 Slavs · Spain
1717
-21
🇪🇸 Spanish · Spain
1678
-20
🇨🇴 Bulgarians · Colombia
1598
-16
1557
-15
Astronomical
10:06 Loom
12:28 Feudal Age
18:15 Castle Age
16:53 Fletching
17:02 Double-Bit Axe
18:56 Bodkin Arrow
19:45 Padded Archer Armor
Tales de Paleto
6:59 Loom
13:00 Feudal Age
17:31 Castle Age
21:11 Fletching
28:03 Double-Bit Axe
28:02 Horse Collar
28:47 Scale Barding Armor
28:44 Padded Archer Armor
31:01 Bloodlines
32:10 Leather Archer Armor
34:33 Bow Saw
34:24 Heavy Plow
39:02 Imperial Age
RaldricDarko
11:19 Feudal Age
12:48 Loom
12:54 Double-Bit Axe
15:56 Fishing Lines
16:41 Scale Barding Armor
21:00 Castle Age
19:43 Gold Mining
20:13 Bloodlines
21:03 Forging
21:10 Light Cavalry
22:11 Chain Barding Armor
26:32 Horse Collar
28:26 Husbandry
29:20 Wheelbarrow
29:12 Bow Saw
33:19 Iron Casting
36:49 Hand Cart
36:28 Gillnets
42:02 Imperial Age
40:54 Heavy Plow
41:01 Town Watch
42:15 Gold Shaft Mining
ME_DEPRIME_JUGAR_CON_USTEDES
11:41 Feudal Age
12:39 Loom
18:56 Fletching
25:56 Wheelbarrow
33:50 Castle Age
32:14 Double-Bit Axe
34:58 Bow Saw
40:42 Stone Mining
40:42 Gold Mining
40:56 Horse Collar
41:51 Heavy Plow
DK_Nightclaim
6:51 Loom
12:04 Feudal Age
19:20 Double-Bit Axe
23:12 Castle Age
21:23 Fletching
24:08 Bodkin Arrow
24:26 Bow Saw
27:44 Horse Collar
30:58 Wheelbarrow
31:45 Scale Barding Armor
35:17 Chain Barding Armor
35:08 Forging
39:05 Imperial Age
37:14 Hand Cart
37:19 Husbandry
38:06 Bloodlines
38:16 Heavy Plow
38:03 Town Watch
38:12 Gold Mining
39:09 Cavalier
40:27 Plate Barding Armor
40:28 Iron Casting
DK_DM_The_Death
9:50 Loom
12:12 Feudal Age
12:44 Double-Bit Axe
15:51 Fletching
18:23 Town Watch
21:36 Wheelbarrow
25:54 Castle Age
24:50 Horse Collar
25:19 Padded Archer Armor
25:57 Crossbowman
26:48 Bodkin Arrow
27:39 Bow Saw
41:07 Hand Cart
40:54 Heavy Plow
41:26 Scale Mail Armor
DK_Exmerior
12:38 Feudal Age
11:38 Loom
13:59 Double-Bit Axe
16:22 Castle Age
15:14 Gold Mining
17:00 Double-Bit Axe
17:40 Horse Collar
23:15 Bow Saw
26:05 Wheelbarrow
26:33 Bloodlines
27:02 Scale Barding Armor
28:05 Chain Barding Armor
28:16 Forging
34:57 Imperial Age
35:01 Cavalier
35:41 Husbandry
36:30 Plate Barding Armor
36:22 Hand Cart
36:02 Town Watch
37:20 Iron Casting
38:28 Savar
41:21 Blast Furnace
DK_Partyman96
11:28 Loom
13:15 Feudal Age
14:40 Double-Bit Axe
17:36 Castle Age
23:29 Fishing Lines
38:10 Imperial Age
37:54 Fletching
40:48 Conscription
Connection lost

Rejoining the realm…

Still unreachable

The connection could not be restored.

Session expired

The server has moved on; the page needs a fresh start.